Map: Pylon LE

Players

ManlyManMeat - Winner!

  • Race: Protoss Protoss
  • League: Master
  • Spawn Location: 11:00

Dedhawanna

  • Race: Terran Terran
  • League: Platinum
  • Spawn Location: 5:00

VOD

Have the link to the VOD?

Description

Time

  • Played on: June 14, 2025, 12:55 p.m.
  • Length: 15:55
Show
View Real Time Build Order
Export as new Build Order

ManlyManMeat Protoss - Winner!

Build Orders:  

Get SALT Encoding   

  12  0:00  Probe  
  13  0:09  Probe  
  14  0:18  Probe  
  14  0:19  Pylon  
  15  0:37  Probe  
  15  0:41  Gateway  
  16  0:45  Assimilator  
  16  0:49  Probe  
  17  1:25  Zealot  
  17  1:26  Gateway  
  17  1:31  Cybernetics Core  
  19  1:33  Probe  
  19  1:36  Pylon  
  20  1:45  Assimilator  
  20  1:49  Warp Gate  
  20  2:01  Zealot  
  22  2:25  Nexus  
  22  2:32  Stalker  
  24  2:41  Probe  
  25  3:00  Probe, Robotics Facility  
  26  3:18  Pylon  
  26  3:22  Twilight Council  
  26  3:24  Probe  
  27  3:38  Probe x2  
  29  3:42  Stargate  
  29  3:51  Stalker  
  31  3:58  Stalker  
  31  4:01  Probe  
  31  4:02  Probe  
  34  4:03  Blink  
  35  4:18  Observer  
  36  4:41  Probe x2  
  36  4:43  Stalker  
  36  4:44  Stalker  
  42  4:53  Probe  
  42  4:54  Probe  
  42  4:55  Assimilator  
  42  4:58  Assimilator  
  44  5:05  Probe  
  44  5:06  Probe  
  46  5:10  Stalker  
  46  5:11  Stalker  
  50  5:18  Probe x2  
  52  5:38  Probe x2  
  54  5:43  Pylon  
  54  5:48  Pylon  
  54  5:49  Pylon  
  54  5:51  Immortal  
  54  5:57  Robotics Facility  
  54  6:01  Probe x2  
  60  6:28  Immortal  
  60  6:32  Nexus  
  62  6:41  Immortal  
  60  6:58  Probe  
  60  6:59  Probe  
  60  7:00  Immortal  
  62  7:02  Charge  
  66  7:11  Probe x2  
  66  7:14  Stalker x2  
  72  7:16  Immortal  
  76  7:32  Probe x2  
  76  7:36  Pylon  
  78  7:37  Pylon  
  78  7:49  Pylon  
  78  7:54  Stalker x2  
  82  8:03  Immortal  
  86  8:20  Gateway  
  86  8:21  Gateway  
  80  8:36  Immortal x2  
  88  9:00  Probe  
  88  9:04  Forge, Probe x2  
  88  9:06  Forge  
  88  9:09  Probe  
  91  9:10  Forge  
  91  9:16  Probe x2  
  94  9:19  Observer  
  94  9:20  Observer  
  96  9:28  Probe  
  96  9:29  Probe  
  96  9:30  Pylon  
  97  9:32  Protoss Shields Level 1  
  97  9:33  Probe  
  97  9:34  Pylon  
  97  9:37  Warp Prism  
  97  9:38  Protoss Ground Armor Level 1, Protoss Ground Weapons Level 1  
  101  9:40  Probe  
  102  9:54  Templar Archives  
  102  9:58  Stargate  
  102  10:04  Robotics Bay  
  101  10:07  Immortal x2  
  109  10:29  Shield Battery  
  109  10:32  Shield Battery  
  109  10:33  Photon Cannon  
  106  10:40  Phoenix  
  108  10:46  Probe x2  
  110  10:57  Immortal x2, High Templar x2  
  110  10:59  High Templar x2  
  110  11:03  Archon x2  
  126  11:20  Nexus  
  122  11:36  High Templar  
  124  11:40  Protoss Shields Level 2  
  124  11:42  Pylon  
  124  11:45  Pylon  
  124  11:47  Pylon  
  124  11:49  Pylon  
  124  11:50  Protoss Ground Weapons Level 2, Protoss Ground Armor Level 2  
  124  11:51  Pylon  
  124  11:52  Pylon  
  124  11:53  Pylon  
  124  11:59  Disruptor  
  127  12:04  Zealot x3  
  133  12:10  Immortal  
  137  12:16  Zealot  
  131  12:38  Nexus  
  131  12:44  High Templar x3  
  131  12:49  Probe x2  
  131  12:50  Probe  
  137  12:52  Probe, Nexus  
  137  12:57  Probe x2  
  137  12:58  Probe  
  141  13:03  Assimilator  
  141  13:04  Probe, Archon x2  
  141  13:05  Pylon  
  145  13:07  Zealot  
  145  13:08  Pylon  
  147  13:22  Gateway  
  147  13:24  Gateway  
  147  13:26  Gateway  
  147  13:28  Gateway  
  147  13:29  Gateway  
  147  13:30  Gateway  
  147  13:32  Gateway  
  145  13:54  High Templar x4  
  153  14:02  Archon x2  
  143  14:20  Probe x4  
  147  14:31  Assimilator  
  147  14:32  Probe  
  147  14:34  Assimilator  
  148  14:42  Probe x2  
  148  14:43  Probe  
  151  14:55  Probe x5  
  156  15:04  Zealot x11  
  179  15:07  Probe  
Show
View Real Time Build Order
Export as new Build Order

Dedhawanna Terran 

Build Orders:  

Get SALT Encoding   

  12  0:00  SCV  
  13  0:13  SCV  
  14  0:20  Supply Depot  
  14  0:27  SCV  
  15  0:42  SCV  
  16  0:44  Barracks  
  16  0:54  SCV  
  17  1:00  Engineering Bay  
  17  1:06  SCV  
  18  1:18  SCV  
  20  1:38  Orbital Command, Marine  
  20  1:57  Command Center  
  20  1:59  Marine  
  21  2:04  SCV  
  22  2:18  Command Center  
  22  2:30  Engineering Bay  
  22  2:32  Marine  
  22  2:33  Bunker  
  23  2:39  Refinery  
  23  2:41  Refinery  
  23  2:49  SCV  
  23  3:01  Supply Depot  
  23  3:09  Marine, SCV  
  25  3:13  Orbital Command  
  25  3:24  Missile Turret  
  25  3:26  SCV  
  26  3:28  Missile Turret  
  26  3:32  Factory  
  26  3:39  Orbital Command  
  26  3:46  SCV  
  26  3:47  SCV  
  28  3:57  Barracks Reactor  
  28  3:59  SCV x2  
  30  4:03  Refinery  
  30  4:09  SCV  
  31  4:12  Refinery  
  31  4:13  SCV x2  
  33  4:18  Factory Tech Lab  
  33  4:19  Starport  
  33  4:23  SCV  
  34  4:26  Factory  
  34  4:30  SCV x2  
  36  4:39  Marine x2  
  36  4:40  Siege Tank  
  36  4:44  SCV x2  
  36  4:45  SCV  
  44  4:54  Bunker  
  44  4:56  SCV x2  
  44  4:57  Marine x2  
  44  4:58  SCV  
  49  5:00  Starport Reactor  
  49  5:08  Factory Tech Lab, SCV  
  49  5:10  SCV  
  49  5:12  Supply Depot  
  49  5:13  Siege Tank  
  54  5:17  Armory  
  54  5:30  Marine  
  54  5:31  Marine  
  54  5:33  SCV x3  
  54  5:34  Siege Tank  
  62  5:36  Supply Depot  
  62  5:43  Viking  
  62  5:45  Viking  
  66  5:57  Supply Depot  
  66  5:59  Supply Depot  
  66  6:05  Thor  
  66  6:06  Marine x2  
  74  6:18  Thor  
  80  6:28  Liberator  
  80  6:29  Marine x2  
  83  6:55  Marine x2  
  85  7:02  SCV x3  
  88  7:19  Command Center  
  88  7:20  Thor x2, Viking, Command Center, Liberator  
  88  7:21  Marine x2  
  107  7:32  Orbital Command  
  107  7:35  SCV x2  
  109  7:42  Supply Depot x2  
  109  7:43  Supply Depot  
  109  8:03  Marine x2, Liberator  
  109  8:04  SCV x3  
  117  8:07  Thor, Siege Tank  
  126  8:16  SCV  
  113  8:35  Orbital Command x2  
  113  8:45  Fusion Core, Factory, SCV x2  
  115  8:54  Orbital Command  
  115  8:56  Marine x2  
  115  8:57  SCV, Siege Tank x2  
  124  9:09  Refinery  
  124  9:13  Missile Turret x2  
  124  9:15  Marine x2  
  124  9:16  Liberator  
  129  9:17  Missile Turret  
  129  9:22  SCV  
  129  9:23  SCV x2  
  129  9:24  Refinery  
  132  9:32  Factory Tech Lab  
  132  9:36  Supply Depot  
  132  9:37  Marine x2  
  134  9:40  Advanced Ballistics  
  134  9:45  Factory  
  134  9:46  Starport  
  134  9:48  Armory  
  134  9:54  Armory  
  134  9:56  Sensor Tower  
  134  10:03  Supply Depot  
  134  10:10  Missile Turret  
  134  10:12  Missile Turret, SCV x5  
  139  10:15  Missile Turret, Liberator  
  139  10:16  Liberator  
  139  10:18  Siege Tank x2  
  151  10:22  Command Center  
  151  10:28  Command Center  
  151  10:33  Starport Reactor  
  151  10:36  Thor  
  157  10:45  Sensor Tower  
  157  10:46  Terran Ship Weapons Level 1, Terran Vehicle And Ship Armor Level 1  
  157  10:58  Command Center  
  157  11:00  Command Center x2  
  157  11:13  Command Center  
  157  11:19  Command Center  
  157  11:24  Command Center  
  157  11:45  Hi-Sec Auto Tracking  
  157  11:51  Terran Vehicle Weapons Level 1  
  157  11:52  Thor x3  
  175  11:59  Liberator x2  
  181  12:02  Hellion x2  
  185  12:10  Planetary Fortress  
  185  12:11  Refinery  
  185  12:15  Refinery, Planetary Fortress  
  185  12:18  Orbital Command x2  
  185  12:19  Refinery  
  185  12:20  Missile Turret, Orbital Command  
  185  12:23  Refinery  
  185  12:26  Infernal Pre-Igniter  
  179  12:42  Neosteel Armor  
  184  13:00  Terran Vehicle And Ship Armor Level 2  
  184  13:01  Terran Ship Weapons Level 2  
  184  13:03  Planetary Fortress x2  
  178  13:14  Orbital Command  
  178  13:32  Command Center x2  
  178  13:33  Command Center  
  178  13:35  Hellion x2  
  181  13:55  Siege Tank x2  
  181  13:56  Liberator x2  
  193  14:34  Command Center  
  193  14:52  Orbital Command x3  
  187  15:01  Hellion  
  187  15:02  Hellion  
Tags
 
Matchup
PvT
Replay Pack
Multiplayer
Spawn Locations
Cross Positions
Add a new tag
Caveats
  • Supply blocks, unpowered buildings, or Contaminate may cause inaccurate times.
  • Supply counts are checked every 10 seconds.